 Dungeon Crawl Stone Soup version 0.23.2-1-ga50397a (webtiles) character file.

Game seed: 5816210692805415879

1341 xveg the Bolt Thrower (level 8, -1/73 HPs)
             Began as a Deep Dwarf Hunter on May 15, 2019.
             Slain by a black bear (4 damage)
             ... on level 6 of the Dungeon.
             The game lasted 00:14:14 (4666 turns).

xveg the Bolt Thrower (Deep Dwarf Hunter)           Turns: 4666, Time: 00:14:16

Health: -1/73      AC:  5    Str: 17    XL:     8   Next: 35%
Magic:  2/2        EV: 13    Int: 13    God:
Gold:   230        SH:  4    Dex: 13    Spells: 7/7 levels left

rFire    . . .     SeeInvis .   b - +3 hand axe
rCold    . . .     Gourm    .   y - +0 buckler
rNeg     . . .     Faith    .   c - +0 leather armour
rPois    .         Spirit   .   g - +1 helmet
rElec    .         Reflect  .   (no cloak)
rCorr    +         Harm     .   (no gloves)
MR       +....                  (no boots)
Stlth    ++........             (no amulet)
HPRegen  0.00/turn              p - ring of resist corrosion
MPRegen  0.08/turn              (no ring)

@: non-regenerating
A: damage resistance, heal wounds, sense surroundings 1, no regeneration
a: Heal Wounds


You were on level 6 of the Dungeon.
You were not hungry.

You visited 1 branch of the dungeon, and saw 6 of its levels.

You collected 230 gold pieces.

Inventory:

Hand Weapons
 a - a +3 hand crossbow
 b - a +3 hand axe (weapon)
 h - a +0 hunting sling
 A - a +0 short sword
Missiles
 i - 33 stones (quivered)
 v - 17 sling bullets
Armour
 c - a +0 leather armour (worn)
 g - a +1 helmet (worn)
 y - a +0 buckler (worn)
 D - a cursed +0 scale mail
Jewellery
 p - a ring of resist corrosion (left hand)
 t - an uncursed amulet of regeneration {unknown}
Wands
 l - a wand of digging (6)
Scrolls
 e - 7 scrolls of identify
 j - a scroll of teleportation
 m - 2 scrolls of immolation
 n - a scroll of amnesia
 q - 2 scrolls of remove curse
 r - a scroll of magic mapping
 x - a scroll of blinking
Potions
 k - a potion of magic
 o - 4 potions of flight
 s - a potion of might
 u - a potion of haste
Comestibles
 f - 6 rations


   Skills:
 * Level 4.4 Fighting
 + Level 1.0 Short Blades
 + Level 2.7 Axes
 - Level 2.8(2.9) Slings
 * Level 7.1 Crossbows
 - Level 0.3(1.4) Throwing
 * Level 4.3 Armour
 * Level 5.0 Dodging
 + Level 1.7 Stealth
 + Level 1.0 Shields


You had 7 spell levels left.
You didn't know any spells.
Your spell library contained the following spells:

 Spells                   Type           Power        Failure   Level  Hunger
 Vampiric Draining        Necr           #.........   85%         3    ####...
 Animate Dead             Necr           N/A          99%         4    #####..
 Leda's Liquefaction      Hex/Erth       #.........   99%         4    #####..
 Petrify                  Tmut/Erth      #.......     99%         4    #####..
 Agony                    Necr           #.......     100%        5    ######.


Dungeon Overview and Level Annotations

Branches:
Dungeon (6/15)
 Temple: D:4-7

Altars:
Cheibriados
Fedhas
Nemelex Xobeh
Uskayaw
Yredelemnul
Zin

Shops:
D:5 (


Innate Abilities, Weirdness & Mutations

You are resistant to damage.
You can heal yourself by infusing magical energy.
You passively map a small area around you.
You do not regenerate.


Message History

The black bear is moderately wounded.
You hit the bush but do no damage. The black bear bites you.
The black bear misses you. The black bear barely misses you.
The black bear misses you. x2; You block the black bear's attack.
You slash the black bear!
The black bear is severely wounded.
You hit the bush but do no damage. The black bear bites you.
* * * LOW HITPOINT WARNING * * *
The black bear claws you. x2
You hit the black bear.
The black bear is severely wounded.
You hit the bush.
The black bear goes berserk!
You barely miss the black bear.
The black bear is severely wounded.
You hit the bush. The black bear bites you!
* * * LOW HITPOINT WARNING * * *
The black bear claws you.
The black bear claws you but does no damage.
The black bear bites you.
You die...

....♣...♣...♣♣...P♣♣.. , . ...
#...........P.P♣ PP...#, , .. ..
##...PPP....PP.♣♣..♣..#. , #( .
.....P..................,, *##.##
(...♣..P♣............... ..#....
.#..PPP................. ......#
##....P...P......P.♣..#####.#...#
##..♣...PPP.P....P....##.........
...............h@.PP..##.........
...............8..P♣............#
...................♣.............
....♣...♣..♣PP...................
#...♣...♣.PP♣♣....P............##
....♣...♣....).................##
#...♣...♣.≈)≈)≈≈≈≈≈≈.............
#...♣...♣.≈⌠≈≈≈≈≈≈8≈.............
#...♣...♣.≈≈≈≈≈≈≈≈≈≈.............


You could see a black bear (berserk).

Vanquished Creatures
  Edmund (D:4)
  A sky beast (D:5)
  2 ogres
  A centaur (D:5)
  A bullfrog (D:6)
  A scorpion (D:5)
  A crimson imp (D:5)
  A bullfrog zombie (D:5)
  A centaur zombie (D:6)
  A hound (D:4)
  A jelly (D:6)
  A bullfrog skeleton (D:4)
  2 orc priests (D:5)
  3 orc wizards
  Jessica (D:2)
  An iguana (D:5)
  Natasha (twice) (D:2)
  7 worker ants
  2 hound skeletons
  5 adders
  3 gnolls (D:6)
  An ooze (D:1)
  2 worms (D:4)
  2 leopard geckos
  9 orcs
  9 bats
  6 giant cockroaches
  4 goblins
  5 hobgoblins
  3 jackals (D:1)
  3 quokkas
  3 frilled lizards
  5 kobolds
  A leopard gecko skeleton (D:3)
  4 rats
96 creatures vanquished.

Vanquished Creatures (others)
  A plant (D:5)
1 creature vanquished.

Grand Total: 97 creatures vanquished

Notes
Turn   | Place    | Note
-------+----------+-------------------------------------------
     0 | D:1      | xveg the Deep Dwarf Hunter began the quest for the Orb.
     0 | D:1      | Reached XP level 1. HP: 19/19 MP: 1/1
   203 | D:1      | Reached XP level 2. HP: 26/26 MP: 2/2
   261 | D:1      | Reached skill level 5 in Crossbows
   737 | D:1      | Reached XP level 3. HP: 29/32 MP: 3/3
  1060 | D:2      | Reached skill level 1 in Slings
  1266 | D:2      | Found a sparkling altar of Nemelex Xobeh.
  1456 | D:2      | Noticed Jessica
  1461 | D:2      | Killed Jessica
  1461 | D:2      | Reached XP level 4. HP: 21/40 MP: 4/4
  1503 | D:2      | Noticed Natasha
  1514 | D:2      | Killed Natasha
  1551 | D:2      | Found a faded altar of an unknown god.
  1810 | D:2      | Noticed Natasha
  1816 | D:2      | HP: 1/40 [Natasha/magic dart (7)]
  1820 | D:2      | Killed Natasha
  1820 | D:2      | Reached skill level 1 in Armour
  2230 | D:3      | Found a hide-covered altar of Uskayaw.
  2231 | D:3      | Noticed a +0 dagger
  2231 | D:3      | Noticed a +0 hand axe
  2260 | D:3      | Reached XP level 5. HP: 25/46 MP: 5/5
  2300 | D:3      | Found a glowing silver altar of Zin.
  2535 | D:3      | Found a blossoming altar of Fedhas.
  2584 | D:4      | Found a snail-covered altar of Cheibriados.
  2754 | D:4      | HP: 2/48 [orc wizard/puff of flame (8)]
  2870 | D:4      | Reached XP level 6. HP: 23/56 MP: 4/4
  2951 | D:4      | Found a basalt altar of Yredelemnul.
  3291 | D:5      | Entered Level 5 of the Dungeon
  3291 | D:5      | Noticed Edmund
  3352 | D:4      | Killed Edmund
  3357 | D:4      | Reached skill level 1 in Short Blades
  3357 | D:4      | Reached XP level 7. HP: 25/62 MP: 3/3
  3423 | D:5      | HP: 1/62 [orc priest/divine providence (11)]
  3437 | D:5      | Reached skill level 1 in Axes
  3465 | D:5      | Found Poqoe's Weapon Shop.
  3687 | D:5      | Reached skill level 6 in Crossbows
  3988 | D:5      | Reached XP level 8. HP: 31/72 MP: 3/3
  4317 | D:6      | Reached skill level 1 in Shields
  4353 | D:6      | Identified Syomeptistri's Almanac of Dark Stones
  4437 | D:6      | Reached skill level 5 in Dodging
  4502 | D:6      | Reached skill level 7 in Crossbows
  4666 | D:6      | HP: 3/73 [black bear (8)]
  4666 | D:6      | Slain by a black bear

Skill      XL: |  1  2  3  4  5  6  7  8 |
---------------+-------------------------+-----
Crossbows      | 5 6 7 |  7.1
Fighting       | 2 3 4 |  4.4
Slings         | 1 2 |  2.8
Armour         | 1 2 3 4 |  4.3
Dodging        | 3 4 5 |  5.0
Short Blades   | 1 |  1.0
Axes           | 2 |  2.7
Shields        | 1 |  1.0
Throwing       | |  0.3
Stealth        | |  1.7

Action                   |  1- 3 |  4- 6 |  7- 9 || total
-------------------------+-------+-------+-------++-------
Melee: Short sword       |       |    55 |       ||    55
       Hand axe          |       |    39 |    88 ||   127
 Fire: Hand crossbow     |    15 |   115 |    54 ||   184
       Hunting sling     |    93 |    14 |       ||   107
Throw: Stone             |       |    13 |    23 ||    36
 Abil: Heal Wounds       |       |    11 |     7 ||    18
  Use: Scroll            |       |       |    12 ||    12
       Potion            |       |       |     7 ||     7
  Eat: Chunk             |     1 |     1 |       ||     2
       Ration            |       |     2 |     1 ||     3
Armor: Leather armour    |    13 |    38 |    30 ||    81
Dodge: Dodged            |    60 |   130 |    69 ||   259
Block: Buckler           |       |    32 |    25 ||    57
